Map: Orbital Shipyard

Players

Grumm - Winner!

  • Race: Protoss Protoss
  • League: Gold

PsiHawk

  • Race: Protoss Protoss
  • League: Gold

VOD

Have the link to the VOD?

Description

Time

  • Played on: Jan. 31, 2016, 9:20 p.m.
  • Length: 11:18
Show
View Real Time Build Order
Export as new Build Order

Grumm Protoss - Winner!

Build Orders: Nexus First 

Get SALT Encoding   

  12  0:01  Probe (Chrono Boost)  
  13  0:11  Probe (Chrono Boost)  
  14  0:22  Pylon  
  14  0:25  Probe (Chrono Boost)  
  16  0:44  Probe (Chrono Boost)  
  16  0:58  Nexus  
  16  1:10  Probe (Chrono Boost)  
  17  1:19  Gateway  
  17  1:21  Probe (Chrono Boost)  
  18  1:27  Forge  
  18  1:35  Probe (Chrono Boost)  
  18  1:37  Assimilator  
  19  1:46  Probe (Chrono Boost)  
  20  2:11  Probe (Chrono Boost)  
  20  2:13  Assimilator  
  20  2:15  Probe (Chrono Boost)  
  22  2:19  Pylon  
  22  2:22  Probe (Chrono Boost)  
  23  2:29  Photon Cannon  
  23  2:32  Cybernetics Core  
  23  2:35  Assimilator  
  23  2:37  Probe x2 (Chrono Boost)  
  25  2:55  Pylon  
  25  2:59  Probe (Chrono Boost)  
  25  3:10  Warp Gate  
  25  3:12  Stalker  
  27  3:18  Gateway  
  27  3:25  Gateway  
  27  3:28  Photon Cannon  
  27  3:31  Probe (Chrono Boost)  
  29  3:34  Probe (Chrono Boost)  
  29  4:04  Nexus  
  29  4:08  Pylon  
  29  4:19  Stargate  
  29  4:25  Stargate  
  29  4:28  Probe (Chrono Boost)  
  29  4:29  Probe (Chrono Boost)  
  31  4:39  Probe (Chrono Boost)  
  31  4:40  Probe (Chrono Boost)  
  33  4:49  Probe (Chrono Boost)  
  33  4:51  Pylon, Probe (Chrono Boost)  
  35  4:57  Photon Cannon  
  35  5:00  Probe (Chrono Boost)  
  35  5:01  Probe (Chrono Boost)  
  35  5:05  Oracle  
  40  5:17  Probe x2 (Chrono Boost)  
  40  5:18  Probe (Chrono Boost)  
  43  5:28  Probe x3 (Chrono Boost)  
  46  5:30  Photon Cannon  
  46  5:32  Assimilator  
  46  5:38  Probe (Chrono Boost)  
  46  5:39  Void Ray  
  51  5:49  Void Ray  
  55  5:52  Protoss Air Weapons Level 1  
  55  5:55  Probe x2 (Chrono Boost)  
  57  5:58  Assimilator, Probe (Chrono Boost)  
  58  6:06  Probe x2 (Chrono Boost)  
  60  6:12  Probe (Chrono Boost)  
  60  6:16  Probe x2 (Chrono Boost)  
  63  6:22  Probe (Chrono Boost)  
  64  6:27  Probe x2 (Chrono Boost)  
  64  6:28  Void Ray  
  64  6:32  Void Ray  
  75  6:33  Probe (Chrono Boost)  
  75  6:35  Pylon  
  75  6:37  Probe (Chrono Boost)  
  75  6:38  Probe (Chrono Boost)  
  77  6:43  Probe (Chrono Boost)  
  78  6:48  Probe x2 (Chrono Boost)  
  78  6:54  Probe (Chrono Boost)  
  81  7:01  Stalker x3  
  87  7:09  Stargate  
  87  7:11  Void Ray  
  87  7:12  Pylon  
  91  7:16  Fleet Beacon  
  91  7:18  Pylon  
  91  7:25  Pylon  
  91  7:27  Probe x2 (Chrono Boost)  
  93  7:30  Void Ray  
  93  7:31  Probe (Chrono Boost)  
  93  7:33  Assimilator  
  98  7:37  Probe x2 (Chrono Boost)  
  98  7:41  Probe (Chrono Boost)  
  98  7:43  Stargate  
  101  7:44  Photon Cannon  
  101  7:48  Photon Cannon  
  101  7:51  Stargate  
  101  7:56  Void Ray x2  
  109  8:00  Pylon  
  101  8:39  Protoss Air Armor Level 1  
  98  8:43  Tempest  
  98  8:44  Void Ray, Tempest  
  98  8:46  Zealot x3  
  116  8:48  Probe (Chrono Boost)  
  116  8:54  Pylon  
  117  9:03  Gateway  
  117  9:04  Gateway  
  117  9:07  Gateway  
  117  9:10  Pylon, Gateway  
  117  9:13  Photon Cannon  
  117  9:14  Gateway  
  117  9:15  Tempest  
  121  9:17  Pylon  
  121  9:23  Pylon  
  121  9:24  Cybernetics Core  
  121  9:32  Zealot x3  
  127  9:40  Twilight Council  
  125  9:54  Stalker  
  125  9:55  Stalker  
  125  9:58  Void Ray x3  
  125  9:59  Void Ray  
  133  10:21  Pylon  
  133  10:31  Void Ray  
  133  10:42  Nexus  
  129  11:14  Stalker x2  
Show
View Real Time Build Order
Export as new Build Order

PsiHawk Protoss 

Build Orders: 1 Gate Expand 

Get SALT Encoding   

  12  0:00  Probe (Chrono Boost)  
  13  0:11  Probe (Chrono Boost)  
  14  0:19  Pylon  
  14  0:22  Probe (Chrono Boost)  
  15  0:37  Probe (Chrono Boost)  
  15  0:39  Gateway  
  15  0:41  Assimilator  
  16  0:48  Probe (Chrono Boost)  
  17  0:58  Probe (Chrono Boost)  
  18  1:13  Assimilator, Probe (Chrono Boost)  
  19  1:26  Nexus  
  19  1:33  Probe (Chrono Boost)  
  20  1:41  Cybernetics Core  
  20  1:45  Probe (Chrono Boost)  
  21  1:56  Probe (Chrono Boost)  
  22  2:06  Probe (Chrono Boost)  
  23  2:18  Warp Gate  
  23  2:28  Pylon  
  23  2:38  Adept (Chrono Boost), Probe (Chrono Boost)  
  23  2:41  Probe  
  27  2:50  Mothership Core, Probe  
  29  3:03  Probe  
  30  3:18  Probe x2 (Chrono Boost)  
  32  3:22  Sentry  
  32  3:23  Nexus  
  32  3:26  Pylon  
  34  3:29  Pylon, Probe (Chrono Boost)  
  34  3:30  Probe (Chrono Boost)  
  36  3:42  Robotics Facility  
  37  3:48  Probe (Chrono Boost)  
  37  3:50  Pylon, Probe (Chrono Boost)  
  40  3:56  Sentry  
  40  3:58  Gateway  
  40  4:00  Probe (Chrono Boost)  
  41  4:04  Probe (Chrono Boost)  
  41  4:09  Gateway  
  42  4:11  Probe (Chrono Boost)  
  42  4:16  Assimilator  
  42  4:17  Probe (Chrono Boost)  
  44  4:23  Probe (Chrono Boost)  
  45  4:27  Probe (Chrono Boost)  
  45  4:29  Observer  
  47  4:33  Probe (Chrono Boost)  
  47  4:36  Twilight Council  
  47  4:38  Probe (Chrono Boost)  
  49  4:39  Forge, Probe (Chrono Boost)  
  49  4:45  Assimilator  
  50  4:48  Pylon  
  50  5:01  Stalker x2  
  50  5:02  Probe x2 (Chrono Boost)  
  50  5:05  Observer  
  57  5:12  Pylon  
  57  5:16  Pylon  
  57  5:18  Blink (Chrono Boost)  
  57  5:21  Gateway  
  57  5:22  Gateway  
  57  5:30  Probe  
  57  5:31  Probe  
  57  5:35  Stalker x2  
  62  5:36  Stalker  
  62  5:42  Photon Cannon  
  64  5:48  Photon Cannon  
  64  5:51  Pylon  
  64  5:53  Probe  
  64  5:54  Probe  
  66  6:00  Probe  
  66  6:03  Probe  
  67  6:06  Probe  
  64  6:13  Stalker x3  
  67  6:28  Probe  
  67  6:29  Probe  
  67  6:30  Probe  
  70  6:38  Stalker x2  
  70  6:39  Probe x2  
  74  6:42  Probe  
  74  6:44  Pylon  
  74  6:46  Protoss Ground Weapons Level 1 (Chrono Boost)  
  77  6:49  Probe  
  77  6:50  Probe  
  79  6:56  Pylon  
  79  7:02  Gateway  
  79  7:03  Gateway  
  79  7:05  Probe x2  
  79  7:06  Probe  
  82  7:17  Probe x2  
  82  7:18  Assimilator  
  82  7:19  Probe  
  85  7:24  Assimilator  
  85  7:28  Templar Archives  
  85  7:31  Probe  
  85  7:33  Resonating Glaives  
  85  7:34  Pylon  
  85  7:35  Adept x2  
  90  7:37  Sentry x2  
  94  7:53  Probe x2  
  94  7:55  Probe  
  97  8:03  Immortal  
  97  8:05  Stalker x4  
  107  8:06  Stalker  
  107  8:07  Probe  
  102  8:39  Stalker x2  
  102  8:40  Stalker x3  
  112  8:50  Photon Cannon  
  112  8:51  Photon Cannon  
  112  8:52  Photon Cannon  
  112  8:54  Pylon  
  112  8:55  Photon Cannon  
  112  8:58  Probe x2  
  112  8:59  Probe  
  115  9:03  Sentry x3  
  121  9:12  Nexus  
  121  9:15  Pylon  
  121  9:16  Warp Prism (Chrono Boost)  
  121  9:18  Pylon  
  123  9:38  Gateway  
  123  9:39  Gateway  
  83  10:04  Stalker x5  
  83  10:05  Stalker x2  
  83  10:28  Stalker x5  
  85  10:29  Stalker x2  
  87  10:40  Mothership Core  
  73  10:53  Stalker x5  
  73  10:54  Stalker x2  
Tags
 
Add a new tag
Caveats
  • Supply blocks, unpowered buildings, or Contaminate may cause inaccurate times.
  • Supply counts are checked every 10 seconds.